 Dungeon Crawl Stone Soup version 0.28-a0-1374-ga75cb3825e (webtiles) character file.

Game seed: 11516769538549827470

295 Adrian566 the Covered (level 6, -3/48 HPs)
             Began as a Demonspawn Fighter on Dec 31, 2021.
             Slain by Eustachio (19 damage)
             ... on level 4 of the Dungeon.
             The game lasted 00:04:32 (3272 turns).

Adrian566 the Covered (Demonspawn Fighter)          Turns: 3272, Time: 00:04:33

Health: -3/48      AC: 11    Str: 18    XL:     6   Next: 11%
Magic:  6/6        EV:  9    Int:  9    God:
Gold:   121        SH:  4    Dex: 13    Spells: 5/5 levels left

rFire   . . .      SeeInvis .   f - +0 short sword (drain)
rCold   . . .      Faith    .   c - +0 buckler
rNeg    . . .      Spirit   .   b - +0 scale mail
rPois   .          Reflect  .   (no helmet)
rElec   .          Harm     .   g - +0 cloak
rCorr   .          Rampage  .   (no gloves)
Will    .....                   (no boots)
Stlth   ..........              (no amulet)
HPRegen 0.16/turn               (no ring)
MPRegen 0.10/turn               (no ring)

@: no status effects
A: icy blue scales 2, demonic guardian 1
a: no special abilities


You were on level 4 of the Dungeon.
You visited 1 branch of the dungeon, and saw 4 of its levels.

You collected 121 gold pieces.

Inventory:

Hand Weapons
 a - a +0 long sword
 f - a +0 short sword of draining (weapon)
Armour
 b - a +0 scale mail (worn)
 c - a +0 buckler (worn)
 g - a +0 cloak (worn)
Scrolls
 i - 3 scrolls of teleportation
 j - a scroll of enchant weapon
Potions
 d - 2 potions of might
 e - a potion of brilliance {unknown}


   Skills:
 + Level 3.7 Fighting
 + Level 2.8(3.2) Short Blades
 + Level 2.3(3.0) Long Blades
 + Level 3.9 Armour
 + Level 1.2 Dodging
 + Level 0.6 Stealth
 + Level 3.2 Shields


You had 5 spell levels left.
You didn't know any spells.
Your spell library contained the following spells:

 Spells                   Type           Power      Damage    Failure   Level
 Ensorcelled Hibernation  Hex/Ice        0%         N/A       90%         2
 Spider Form              Tmut/Pois      0%         N/A       99%         3
 Freezing Cloud           Conj/Ice/Air   0%         6-21      100%        5
 Simulacrum               Ice/Necr       0%         N/A       100%        6
 Polar Vortex             Ice            0%         N/A       100%        9


Dungeon Overview and Level Annotations

Branches:
Dungeon (4/15)
 Temple: D:4-7

Altars:

Annotations:
D:4 Eustachio


Innate Abilities, Weirdness & Mutations

You are mostly covered in icy blue scales. (AC +3)
A weak demonic guardian rushes to your aid.


Message History

Unknown command.
There is a stone staircase leading up here.
Eustachio casts a spell.
Eustachio blinks!
You closely miss Eustachio.
Eustachio mumbles some strange words.
Eustachio blinks!
Eustachio casts a spell.
You hit Eustachio. You drain Eustachio.
Eustachio is moderately wounded.
Eustachio hits you with a +3 rapier of electrocution!
You are electrocuted!
A demonic guardian appears!
The white imp gestures at you. The puff of frost hits you.
You barely miss Eustachio.
Eustachio is moderately wounded.
The iron imp barely misses your white imp.
Eustachio barely misses you.
You closely miss Eustachio.
Eustachio is moderately wounded.
The ufetubus hits you. You block the ufetubus's attack.
The white imp gestures at you. The puff of frost hits you!
Your white imp hits the white imp but does no damage.
The iron imp hits your white imp.
The ufetubus hits you but does no damage. x2
Eustachio drinks a potion.
Eustachio seems to grow stronger.
You hit Eustachio but do no damage. You drain Eustachio.
Eustachio is moderately wounded.
Your white imp hits the iron imp but does no damage.
The ufetubus barely misses you.
The ufetubus hits you but does no damage.
The iron imp hits your white imp. Eustachio closely misses you.
Unknown command.
You block the ufetubus's attack. The ufetubus hits you.
Your white imp barely misses the iron imp.
Your white imp closely misses the iron imp.
The iron imp barely misses your white imp.
Eustachio hits you but does no damage.
You are electrocuted!!
You die...

....# ....#
##### ...#
##...###.!.####
#5.....#.......
#5.....'.......
#.5...<#.......
#.5@...#......$
##.@.###...##..
#...# ..># .
#...........
#............
#.....###...##.
####..# ## ....
.....


You could see Eustachio (strong, drained), an iron imp (summoned, ally target),
a white imp (summoned), an ufetubus (summoned) and a friendly white imp
(summoned).

Vanquished Creatures
  An ogre (D:2)
  An orc priest (D:2)
  2 orc wizards (D:3)
  3 adders
  A worm (D:3)
  A dart slug (D:1)
  13 orcs
  3 ball pythons
  6 bats
  6 endoplasms
  6 goblins
  6 hobgoblins
  2 jackals (D:1)
  2 quokkas
  2 frilled lizards (D:2)
  4 kobolds
  2 rats (D:3)
61 creatures vanquished.

Vanquished Creatures (collateral kills)
  An orc (D:2)
  An endoplasm (D:3)
2 creatures vanquished.

Vanquished Creatures (others)
  An orc wizard (D:3)
1 creature vanquished.

Grand Total: 64 creatures vanquished

Notes
Turn   | Place    | Note
-------+----------+-------------------------------------------
     0 | D:1      | Adrian566 the Demonspawn Fighter began the quest for the
                  | Orb.
     0 | D:1      | Reached XP level 1. HP: 18/18 MP: 1/1
   192 | D:1      | Gained mutation: A weak demonic guardian rushes to your
                  | aid. [demonic ancestry]
   192 | D:1      | Reached XP level 2. HP: 3/24 MP: 2/2
  1107 | D:1      | Found a faded altar of an unknown god.
  1587 | D:2      | Reached XP level 3. HP: 28/29 MP: 3/3
  1665 | D:2      | Noticed an ogre
  1676 | D:2      | Killed an ogre
  1677 | D:2      | Reached skill level 1 in Short Blades
  1677 | D:2      | Gained mutation: You are partially covered in icy blue
                  | scales. (AC +2) [demonic ancestry]
  1677 | D:2      | Reached XP level 4. HP: 27/35 MP: 4/4
  1811 | D:2      | Reached skill level 1 in Dodging
  1811 | D:2      | Reached XP level 5. HP: 27/41 MP: 5/5
  2997 | D:3      | Gained mutation: You are mostly covered in icy blue scales.
                  | (AC +3) [demonic ancestry]
  2997 | D:3      | Reached XP level 6. HP: 38/48 MP: 6/6
  3257 | D:4      | Noticed Eustachio
  3272 | D:4      | Slain by Eustachio

Illustrated notes

Levels and vault maps discovered:
D:1:      dpeg_arrival_central, layout_loops_ring,
          dilly_ecumenical_altar_fadedgnrine
D:2:      layout_loops_ring
D:3:      layout_rooms
D:4:      layout_gridville, uniq_eustachio, uniq_grinder, uniq_duvessa,
          uniq_blork_the_orc, uniq_ijyb, uniq_edmund

Skill      XL: |  1  2  3  4 |
---------------+-------------+-----
Long Blades    | 2 |  2.3
Armour         | 3 |  3.9
Shields        | 3 |  3.2
Short Blades   | 1 2 |  2.8
Dodging        | 1 |  1.2
Fighting       | |  3.7
Stealth        | |  0.6

Action                   |  1- 3 |  4- 6 || total
-------------------------+-------+-------++-------
Melee: Long sword        |    26 |       ||    26
       Short sword       |    60 |   140 ||   200
  Use: Scroll            |     3 |     3 ||     6
       Potion            |       |     3 ||     3
Armor: Scale mail        |    33 |    61 ||    94
Dodge: Dodged            |    39 |    42 ||    81
Block: Buckler           |    17 |    33 ||    50

Table legend: (Time is in decaauts)
 A = Elapsed time spent in this place.
 B = Non-inter-level travel time spent in this place.
 C = Inter-level travel time spent in this place.
 D = Time resting spent in this place.
 E = Time spent auto-exploring this place.
 F = Levels seen in this place.
 G = Mean time per level.
                   A        B        C        D        E       F      G
               +--------+--------+--------+--------+--------+-----+--------+
         Total |   3282 |   3150 |    132 |      0 |   2651 |   4 |  820.5 |
       Dungeon |   3282 |   3150 |    132 |      0 |   2651 |   4 |  820.5 |
               +--------+--------+--------+--------+--------+-----+--------+

Top non-repeatable levels by time:
     D:1: 1460 daAuts
     D:2: 1087 daAuts
     D:3: 719 daAuts
     D:4: 15 daAuts
